Description

Many ways to Execute the build. this is only one of Many

VOD

https://youtu.be/RmI6NPWO0sM

Build Order

Why is there no SALT encoding or Overwolf build?

  14    Pylon  
  16  0:38  Gateway  
  16    Assimilator  
  18  1:01  Gateway  
  19    Assimilator  
  20  1:29  Cybernetics Core  
  20  1:31  Pylon  
  23  2:06  Stalker x2 (Chrono Boost) "Reaper Should come in, if not rally Across The Map"  
  27  2:12  Warp Gate  
  27  2:25  Adept x2  
  31  2:40  Stargate  
  31  2:47  Nexus  
  31  2:52  Pylon  
  31  2:58  Action x2 "Shade Adepts Across The Map"  
  31  3:04  Action [This is where the build can change...]  
  31  3:06  Twilight Council  
  31  3:24  Oracle  
    3:43  Action Twilight Council [ IS FINISHED... ]  
    3:54  Action x2 Oracle [ IS FINISHED... ], Warp Gate [ IS FINISHED... ]  
    4:05  Charge  
    4:10  Nexus  
    4:15  Action Depending on what you See and how you pace the game; Depends on what you do from here.  
Spawning Tool Build Advisor. Get it on Overwolf

Analysis

No Need to Block, Stalkers will pop before the reaper gets in; if the reaper shows up before the stalkers and you Chrono'd from the start this means it was either a Really fast reaper or a Proxy. if they scout the build save the First Chrono(DO NOT CHRONO THE PROBE) and use it on the 1st adept. the reaper will walk in as your outside * the Chrono on the Adept will stop this reaper from doing damage.

Go to:

Details

  • Created by: Sc2KiiiA     
  • Published on: Sep 03, 2020
  • Modified on: Sep 03, 2020
  • Patch: 4.11.0
  • Difficulty: Medium
Show

Export as new Build Order

Comments (0)

There are no comments. Be the first!

Create an account to comment!